 Dungeon Crawl Stone Soup version 0.21-a0-536-gdbbf329 (webtiles) character file.

2114 Amnesiac the Thaumaturge (level 9, 65/65 HPs)
             Began as a Gnoll Wizard on Dec 14, 2017.
             Quit the game on level 3 of the Dungeon.
             The game lasted 00:12:33 (5836 turns).

Amnesiac the Thaumaturge (Gnoll Wizard)             Turns: 5836, Time: 00:12:34

Health: 65/65      AC:  4    Str:  9    XL:     9   Next: 29%
Magic:  9/21       EV: 15    Int: 24    God:
Gold:   317        SH:  0    Dex: 14    Spells: 11/24 levels left

rFire    + . .     SeeInvis .   a - +0 dagger (venom)
rCold    . . .     Gourm    .   (no shield)
rNeg     . . .     Faith    +   x - +1 robe {Archmagi}
rPois    .         Spirit   .   m - +0 hat
rElec    .         Reflect  .   (no cloak)
rCorr    .         Harm     .   A - +0 pair of gloves
MR       .....     Rnd*Tele +   (no boots)
Stlth    +++.......             q - amulet of faith
HPRegen  0.20/turn              l - ring of protection from fire
MPRegen  0.17/turn              n - ring of teleportation (curse)

@: no status effects
A: distributed training, fangs 1, strong nose
a: no special abilities


You were on level 3 of the Dungeon.
You were not hungry.

You visited 2 branches of the dungeon, and saw 8 of its levels.

You collected 317 gold pieces.

Inventory:

Hand Weapons
 a - a +0 dagger of venom (weapon)
 b - a +0 halberd
 e - a +0 blowgun
 G - a +2 dire flail of draining
 M - a +1 spear of distortion
Missiles
 g - 23 poisoned needles
 I - a throwing net (quivered)
Armour
 m - a +0 hat (worn)
 x - a +1 robe of the Archmagi (worn)
 A - a +0 pair of gloves (worn)
Jewellery
 l - a ring of protection from fire (left hand)
 n - a cursed ring of teleportation (right hand)
 q - an amulet of faith (around neck)
Wands
 v - a wand of acid (18)
 B - a wand of paralysis (5)
 E - a wand of polymorph (18)
 H - a wand of random effects (10)
 L - a wand of flame (26)
Scrolls
 i - a scroll of fog {!r}
 p - 3 scrolls of identify {!r}
 r - 4 scrolls of teleportation {!r}
 s - a scroll of noise {!r, unknown}
 t - 4 scrolls of remove curse {!r, unknown}
 y - a scroll of enchant weapon {!r, unknown}
 z - 3 scrolls of amnesia {!r, unknown}
 F - a scroll of blinking {!r, unknown}
 K - a scroll of silence {!r, unknown}
Potions
 f - a potion of flight {!q, unknown}
 j - 5 potions of curing {!q}
 k - a potion of haste {!q}
 o - 2 potions of mutation {!q, unknown}
 w - a potion of degeneration {!q, unknown}
 D - 2 potions of heal wounds {!q, unknown}
 J - a potion of ambrosia {!q, unknown}
Books
 c - a book of Minor Magic

   Spells                             Type                      Level
   a - Magic Dart                     Conjuration                  1
   b - Blink                          Translocation                2
   c - Call Imp                       Summoning                    2
   d - Slow                           Hexes                        2
   e - Conjure Flame                  Conjuration/Fire             3
   f - Mephitic Cloud                 Conjuration/Poison/Air       3
Comestibles
 d - 5 bread rations
 h - 5 royal jellies
 u - a meat ration
 C - 3 fruits


   Skills:
 + Level 4.0 Fighting
 + Level 4.0 Short Blades
 + Level 4.0 Long Blades
 + Level 4.0 Axes
 + Level 4.0 Maces & Flails
 + Level 4.0 Polearms
 + Level 4.0 Staves
 + Level 4.0 Slings
 + Level 4.0 Bows
 + Level 4.0 Crossbows
 + Level 4.0 Throwing
 + Level 4.0 Armour
 + Level 6.1 Dodging
 + Level 5.9 Stealth
 + Level 4.0 Shields
 + Level 4.0 Unarmed Combat
 + Level 8.3 Spellcasting
 + Level 4.0 Conjurations
 + Level 3.3 Hexes
 + Level 3.3 Charms
 + Level 4.0 Summonings
 + Level 3.3 Necromancy
 + Level 4.0 Translocations
 + Level 3.3 Transmutations
 + Level 3.3 Fire Magic
 + Level 3.3 Ice Magic
 + Level 3.3 Air Magic
 + Level 3.3 Earth Magic
 + Level 3.3 Poison Magic
 + Level 4.4 Invocations
 + Level 4.0 Evocations


You had 11 spell levels left.
You knew the following spells:

 Your Spells              Type           Power        Failure   Level  Hunger
a - Magic Dart            Conj           ####         1%          1    None
b - Call Imp              Summ           #####...     1%          2    None
e - Mephitic Cloud        Conj/Pois/Air  #####...     4%          3    None
s - Conjure Flame         Conj/Fire      #####...     4%          3    None
v - Blink                 Tloc           N/A          1%          2    None
w - Slow                  Hex            #####...     2%          2    None


Dungeon Overview and Level Annotations

Branches:
Dungeon (7/15)             Temple (1/1) D:7

Altars:
Cheibriados
Dithmenos
Elyvilon
Fedhas
Gozag
Hepliaklqana
Kikubaaqudgha
Nemelex Xobeh
Okawaru
Qazlal
Sif Muna
Trog
Uskayaw
Vehumet
Wu Jian
Xom
Zin

Annotations:
D:5 Edmund


Innate Abilities, Weirdness & Mutations

Your experience applies equally to all skills.
You have very sharp teeth.
Your uncanny sense of smell can sniff out nearby items.


Message History

You butcher the ball python corpse.
M - a chunk of flesh You see here a quokka corpse.
You are feeling very hungry.
Eating a chunk of flesh.
You eat the chunk of flesh.
This raw flesh tastes terrible.
Things that are here:
a spear of distortion; 3 tomahawks
M - a spear of distortion You can't go down here!
Casting: Magic Dart
Confirm with . or Enter, or press ? or * to list all spells.
Aiming: Magic Dart
Press: ? - help, Shift-Dir - straight line, f - gnoll
Aim: a gnoll, wielding a mace (hasn't noticed you)
You feel a surge of power!
The magic dart hits the gnoll.
Casting: Magic Dart
Confirm with . or Enter, or press ? or * to list all spells.
Aiming: Magic Dart
Press: ? - help, Shift-Dir - straight line, f/p - gnoll
Aim: a gnoll, wielding a mace You feel a surge of power!
The magic dart hits the gnoll.
The gnoll is lightly wounded.
Casting: Magic Dart
Confirm with . or Enter, or press ? or * to list all spells.
Aiming: Magic Dart
Press: ? - help, Shift-Dir - straight line, f/p - gnoll
Aim: a gnoll, wielding a mace (lightly wounded)
You feel a surge of power!
The magic dart hits the gnoll.
The gnoll is lightly wounded.
Casting: Magic Dart
Confirm with . or Enter, or press ? or * to list all spells.
Aiming: Magic Dart
Press: ? - help, Shift-Dir - straight line, f/p - gnoll
Aim: a gnoll, wielding a mace (lightly wounded)
You feel a surge of power!
The magic dart hits the gnoll.
The gnoll is moderately wounded.
Casting: Magic Dart
Confirm with . or Enter, or press ? or * to list all spells.
Aiming: Magic Dart
Press: ? - help, Shift-Dir - straight line, f/p - gnoll
Aim: a gnoll, wielding a mace (moderately wounded)
You feel a surge of power!
The magic dart hits the gnoll.
The gnoll is severely wounded.
Casting: Magic Dart
Confirm with . or Enter, or press ? or * to list all spells.
Aiming: Magic Dart
Press: ? - help, Shift-Dir - straight line, f/p - gnoll
Aim: a gnoll, wielding a mace (severely wounded)
You feel a surge of power!
The magic dart hits the gnoll.
You kill the gnoll!
Casting: Magic Dart
Confirm with . or Enter, or press ? or * to list all spells.
You can't see any susceptible monsters within range! (Use Z to cast anyway.)
Casting: Magic Dart
Confirm with . or Enter, or press ? or * to list all spells.
You can't see any susceptible monsters within range! (Use Z to cast anyway.)
Casting: Magic Dart
Confirm with . or Enter, or press ? or * to list all spells.
You can't see any susceptible monsters within range! (Use Z to cast anyway.)
There is a stone staircase leading down, spattered with blood here.
You see here a mace.
There isn't anything to butcher here.
Are you sure you want to abandon this character and quit the game? (Confirm with "yes".)

###........##.......#.####..###†#
#.....###..##..#.......###.## #..
#.#...# ##..........(#.....## ##.
..#.### ##..####....###.....#####
....#####...####.†..# ##.#...#...
...............#....####.........
....###...............##.........
.######..........................
...###........#.@.###.)#.........
##.....#..)...#...####<..........
..................(.###......#...
......#.......#.##### ##....#####
..##..........#.### ##.##...###
#######...........#####..........
# ##......#.#..........######
#############...#######......####
.................................


There were no monsters in sight!

Vanquished Creatures
  Pikel (D:5)
  An orc warrior (D:5)
  2 ogres
  A phantom (D:7)
  2 centaurs (D:5)
  A bullfrog (D:7)
  A scorpion (D:5)
  2 wights (D:5)
  2 orc priests (D:6)
  2 centaur skeletons
  5 hounds
  2 iguanas (D:6)
  3 orc wizards
  4 worker ants
  A killer bee zombie (D:5)
  A hound skeleton (D:4)
  A worker ant zombie (D:7)
  6 gnolls
  A howler monkey skeleton (D:6)
  5 adders
  2 worms
  2 dart slugs
  3 leopard geckos
  10 orcs
  2 bats
  A giant cockroach (D:4)
  5 goblins
  3 hobgoblins
  6 jackals
  5 quokkas
  2 ball pythons
  5 frilled lizards
  4 kobolds
  3 rats
97 creatures vanquished.

Vanquished Creatures (collateral kills)
  The ghost of Statics the Martial Artist, a novice OpFi (D:6)
  An adder (D:2)
2 creatures vanquished.

Vanquished Creatures (others)
  4 slaves (D:5)
  A howler monkey (D:5)
  A giant cockroach (D:5)
6 creatures vanquished.

Grand Total: 105 creatures vanquished

Notes
Turn   | Place    | Note
-------+----------+-------------------------------------------
     0 | D:1      | Amnesiac the Gnoll Wizard began the quest for the Orb.
     0 | D:1      | Reached XP level 1. HP: 13/13 MP: 8/8
   272 | D:1      | Reached XP level 2. HP: 19/19 MP: 3/10
   276 | D:1      | Learned a level 2 spell: Blink
   279 | D:1      | Learned a level 2 spell: Call Imp
   282 | D:1      | Learned a level 2 spell: Slow
   516 | D:2      | Reached XP level 3. HP: 21/25 MP: 6/11
   521 | D:2      | Learned a level 3 spell: Conjure Flame
   525 | D:2      | Learned a level 3 spell: Mephitic Cloud
   677 | D:3      | Reached skill level 1 in Invocations
   717 | D:2      | Found a blossoming altar of Fedhas.
   890 | D:2      | Reached skill level 1 in Fighting
   890 | D:2      | Reached skill level 1 in Short Blades
   890 | D:2      | Reached skill level 1 in Long Blades
   890 | D:2      | Reached skill level 1 in Axes
   890 | D:2      | Reached skill level 1 in Maces & Flails
   890 | D:2      | Reached skill level 1 in Polearms
   890 | D:2      | Reached skill level 1 in Staves
   890 | D:2      | Reached skill level 1 in Slings
   890 | D:2      | Reached skill level 1 in Bows
   890 | D:2      | Reached skill level 1 in Crossbows
   890 | D:2      | Reached skill level 1 in Throwing
   890 | D:2      | Reached skill level 1 in Armour
   890 | D:2      | Reached skill level 1 in Shields
   890 | D:2      | Reached skill level 1 in Unarmed Combat
   890 | D:2      | Reached skill level 1 in Evocations
   890 | D:2      | Reached XP level 4. HP: 19/32 MP: 0/13
  1402 | D:4      | Reached skill level 1 in Hexes
  1402 | D:4      | Reached skill level 1 in Charms
  1402 | D:4      | Reached skill level 1 in Necromancy
  1402 | D:4      | Reached skill level 1 in Transmutations
  1402 | D:4      | Reached skill level 1 in Fire Magic
  1402 | D:4      | Reached skill level 1 in Ice Magic
  1402 | D:4      | Reached skill level 1 in Air Magic
  1402 | D:4      | Reached skill level 1 in Earth Magic
  1402 | D:4      | Reached skill level 1 in Poison Magic
  1511 | D:4      | Reached XP level 5. HP: 26/37 MP: 10/14
  1607 | D:4      | Found a white marble altar of Elyvilon.
  1618 | D:4      | Noticed an ogre
  1633 | D:4      | Killed an ogre
  1633 | D:4      | Reached XP level 6. HP: 44/44 MP: 0/16
  2534 | D:5      | Entered Level 5 of the Dungeon
  2536 | D:5      | Noticed Edmund
  2557 | D:5      | Reached skill level 5 in Dodging
  2851 | D:5      | Found a sparkling altar of Nemelex Xobeh.
  2864 | D:5      | Reached XP level 7. HP: 50/50 MP: 5/18
  3141 | D:5      | Noticed Pikel
  3170 | D:5      | Killed Pikel
  3170 | D:5      | Reached skill level 5 in Stealth
  3170 | D:5      | Reached XP level 8. HP: 54/58 MP: 15/19
  3443 | D:5      | Found a glowing silver altar of Zin.
  3526 | D:5      | Reached skill level 8 in Spellcasting
  3626 | D:6      | Noticed Statics's ghost (novice OpFi)
  3631 | D:6      | Killed Statics's ghost
  3631 | D:6      | Reached XP level 9. HP: 43/65 MP: 12/21
  3736 | D:6      | Found a bloodstained altar of Trog.
  4768 | D:7      | Found a staircase to the Ecumenical Temple.
  4771 | D:7      | Found an ornate altar of the Wu Jian Council.
  4774 | Temple   | Entered the Ecumenical Temple
  5836 | D:3      | Quit the game

Vault maps used:
D:1:      ncdulo_smallfort
D:2:      fedhas_altar_3
D:3:      grunt_temple_overflow_holy_war
D:4:      nicolae_overflow_crystal_walls
D:5:      kennysheep_little_box, old_standard_altar, first_bread, uniq_pikel,
          uniq_edmund
D:6:      lightli_temple_of_fire
D:7:      nicolae_ashenzari_panopticon, lemuel_round_altar, temple_statues
Temple:   minmay_temple_curvy_loop

Skill      XL: |  1  2  3  4  5  6  7  8  9 |
---------------+----------------------------+-----
Conjurations   | 2 3 4 |  4.0
Summonings     | 2 3 4 |  4.0
Translocations | 2 3 4 |  4.0
Invocations    | 1 2 3 4 |  4.4
Fighting       | 1 2 3 4 |  4.0
Short Blades   | 1 2 3 4 |  4.0
Long Blades    | 1 2 3 4 |  4.0
Axes           | 1 2 3 4 |  4.0
Maces & Flails | 1 2 3 4 |  4.0
Polearms       | 1 2 3 4 |  4.0
Staves         | 1 2 3 4 |  4.0
Slings         | 1 2 3 4 |  4.0
Bows           | 1 2 3 4 |  4.0
Crossbows      | 1 2 3 4 |  4.0
Throwing       | 1 2 3 4 |  4.0
Armour         | 1 2 3 4 |  4.0
Shields        | 1 2 3 4 |  4.0
Unarmed Combat | 1 2 3 4 |  4.0
Evocations     | 1 2 3 4 |  4.0
Hexes          | 1 2 3 |  3.3
Charms         | 1 2 3 |  3.3
Necromancy     | 1 2 3 |  3.3
Transmutations | 1 2 3 |  3.3
Fire Magic     | 1 2 3 |  3.3
Ice Magic      | 1 2 3 |  3.3
Air Magic      | 1 2 3 |  3.3
Earth Magic    | 1 2 3 |  3.3
Poison Magic   | 1 2 3 |  3.3
Dodging        | 5 6 |  6.1
Stealth        | 5 |  5.9
Spellcasting   | 8 |  8.3

Action                   |  1- 3 |  4- 6 |  7- 9 || total
-------------------------+-------+-------+-------++-------
Melee: Unarmed           |     1 |     3 |       ||     4
       Dagger            |       |    66 |    97 ||   163
       Bite              |       |     8 |     9 ||    17
       Halberd           |       |     6 |       ||     6
       Punch             |       |       |     2 ||     2
 Cast: Magic Dart        |    69 |    58 |    76 ||   203
       Call Imp          |     1 |     2 |     6 ||     9
       Mephitic Cloud    |     1 |     2 |    11 ||    14
       Conjure Flame     |       |     5 |     7 ||    12
       Blink             |       |       |     1 ||     1
  Use: Scroll            |     2 |     2 |     1 ||     5
       Potion            |     1 |       |       ||     1
 Stab: Sleeping          |       |     1 |     4 ||     5
       Confused          |       |       |     2 ||     2
  Eat: Chunk             |       |     6 |     9 ||    15
Armor: Robe              |     5 |    16 |     6 ||    27
       Skin              |     2 |     2 |       ||     4
Dodge: Dodged            |    24 |    38 |    49 ||   111

Table legend:
 A = Spawn XP
 B = Non-spawn XP
 C = Spawn XP percentage of total XP
 D = Spawn monster count
 E = Non-spawn monster count
 F = Spawn count percentage of total count
 G = Total turns spent on level
                    A         B        C        D         E        F      G
               +---------+---------+-------+---------+---------+-------+---------
         Total |       0 |    3021 |   0.0 |       0 |      99 |   0.0 |  5836
               +---------+---------+-------+---------+---------+-------+---------
           D:1 |       0 |      19 |   0.0 |       0 |      11 |   0.0 |   371
           D:2 |       0 |      48 |   0.0 |       0 |      14 |   0.0 |  1306
           D:3 |       0 |      90 |   0.0 |       0 |      16 |   0.0 |   350
           D:4 |       0 |     325 |   0.0 |       0 |      18 |   0.0 |  1528
           D:5 |       0 |    1544 |   0.0 |       0 |      18 |   0.0 |   687
           D:6 |       0 |     713 |   0.0 |       0 |      16 |   0.0 |  1021
           D:7 |       0 |     282 |   0.0 |       0 |       6 |   0.0 |   362
               +---------+---------+-------+---------+---------+-------+---------
